 Dungeon Crawl Stone Soup version 0.31.0-11-ge490571c62 (webtiles) character file.

Game seed: 3882405571374549811

439 qw the Skirmisher (level 6, 0/35 HPs)
             Began as a Deep Elf Hunter on Feb 5, 2024.
             Succumbed to a gnoll's poison
             ... on level 4 of the Dungeon.
             The game lasted 00:00:52 (2124 turns).

qw the Skirmisher (Deep Elf Hunter)                 Turns: 2124, Time: 00:00:52

Health: 0/35       AC: 10    Str: 16    XL:     6   Next: 70%
Magic:  8/8        EV: 12    Int: 14    God:
Gold:   212        SH:  0    Dex: 23    Spells: 5/5 levels left

rFire   . . .        i - +0 longbow (flame)
rCold   + . .        (shield currently unavailable)
rNeg    . . .        f - +3 ring mail {rC+}
rPois   .            d - +1 helmet of Honour {Will+ Dex+5 Slay+5}
rElec   .            (no cloak)
rCorr   .            (no gloves)
SInv    .            (no boots)
Will    +....        (no amulet)
Stlth   ++           c - +6 ring of strength
HPRegen 0.25/turn    (no ring)
MPRegen 0.11/turn

%: no passive effects
@: lethally poisoned (0 -> -15), weakened
A: no striking features
a: no special abilities


You were on level 4 of the Dungeon.
You visited 2 branches of the dungeon, and saw 5 of its levels.

You collected 212 gold pieces.


   Skills:
 - Level 2.0 Fighting
 - Level 10.1 Ranged Weapons
 + Level 3.2 Dodging
 - Level 1.2 Stealth


You had 5 spell levels left.
You didn't know any spells.
Your spell library was empty.

Inventory:

Hand Weapons
 i - a +0 longbow of flaming (weapon)
Armour
 d - the +1 helmet of Honour (worn) {Will+ Dex+5 Slay+5}
   (You acquired it on level 3 of the Dungeon)

   Dex+5:     It affects your dexterity (+5).
   Slay+5:    It affects your accuracy & damage with ranged weapons and melee
   (+5).
   Will+:     It increases your willpower.
 f - a +3 ring mail of cold resistance (worn)
Jewellery
 b - a ring of ice
 c - a +6 ring of strength (left hand)
Scrolls
 e - a scroll of immolation {unknown}
 h - a scroll of enchant weapon {unknown}
Potions
 a - a potion of mutation
 g - a potion of curing
 j - a potion of might
 k - a potion of berserk rage {unknown}

Dungeon Overview and Level Annotations

Branches:
Dungeon (4/15)             Temple (1/1) D:4

Altars:
Cheibriados
Dithmenos
Fedhas
Hepliaklqana
Makhleb
Qazlal
Ru
Trog
Xom
Zin
The Shining One

Shops:
D:3 (

Annotations:
D:4 3 runed translucent doors, qw's ghost, amateur DEHu; qw's ghost, amateur SpHu


Message History

The arrow hits the gnoll bouda but does no damage.
The gnoll bouda is lightly wounded.
The gnoll bouda barely misses you.
You shoot an arrow. The arrow hits the gnoll bouda.
The arrow burns the gnoll bouda.
The gnoll bouda is moderately wounded.
The gnoll bouda misses you.
You shoot an arrow.
The arrow closely misses the gnoll bouda.
The gnoll bouda hits you with a +0 whip of electrocution.
You shoot an arrow. The arrow hits the gnoll bouda.
The arrow burns the gnoll bouda.
The gnoll bouda is heavily wounded.
A gnoll comes into view. It is wielding a +1 spear of venom.
The gnoll bouda barks out a call to the hunt!
The gnoll picks up the pace!
The gnoll bouda hits you with a +0 whip of electrocution!
You shoot an arrow.
The arrow closely misses the gnoll bouda.
The gnoll closely misses you.
The gnoll bouda hits you but does no damage.
You shoot an arrow.
The arrow closely misses the gnoll bouda.
The gnoll closely misses you.
The gnoll bouda gazes fiercely through you!
You feel your attacks grow feeble.
The gnoll bouda hits you with a +0 whip of electrocution.
You are electrocuted!
The gnoll misses you.
You shoot an arrow. The arrow hits the gnoll bouda.
The arrow burns the gnoll bouda.
The gnoll bouda is almost dead.
The gnoll bouda mumbles some strange prayers to its god.
The gnoll bouda is healed somewhat.
The gnoll hits you from afar with a +1 spear of venom.
You are lethally poisoned!
The gnoll bouda closely misses you.
You shoot an arrow. The arrow hits the gnoll bouda.
The arrow burns the gnoll bouda.
The gnoll bouda is almost dead.
You die...

..'.....###..#....8#
##.....# #..#.....$
#..%...###..+.....$
#......##...+.....8
#...........+W....?
#.#####.##..#.....$
#.#.....##..#..!.8#
#.#.#.....###P}P?#
#g@.#.###.# #####
#.%g..<......#
########.##### #.#
#.# #.# ### #.. #.#


You could see a gnoll bouda and a gnoll (swift).

Vanquished Creatures
  A water moccasin zombie (D:4)
  A scorpion (D:4)
  A bullfrog zombie (D:4)
  A hound (D:4)
  An orc priest (D:4)
  An iguana (D:4)
  Natasha (D:4)
  3 hound zombies (D:4)
  A hound skeleton (D:4)
  A gnoll (D:1)
  3 adders
  3 adder skeletons (D:3)
  2 adder zombies (D:3)
  2 dart slugs
  3 ribbon worms
  6 orcs (D:4)
  5 ball pythons
  7 endoplasms
  3 giant cockroaches
  5 goblins
  6 hobgoblins
  3 quokkas
  A ball python zombie (D:3)
  3 bats
  A frilled lizard (D:1)
  2 kobolds
  3 rats (D:1)
70 creatures vanquished.

Notes
Turn   | Place    | Note
-------+----------+-------------------------------------------
     0 | D:1      | qw the Deep Elf Hunter began the quest for the Orb.
     0 | D:1      | Reached XP level 1. HP: 12/12 MP: 3/3
     0 | D:1      | 0 ||| qw: Version: 0.3-a-160-g6735b56
     0 | D:1      | 0 ||| qw: Game counter: 6329
     0 | D:1      | 0 ||| qw: Melee chars always use a shield: true
     0 | D:1      | 0 ||| qw: God list: Okawaru
     0 | D:1      | 0 ||| qw: Allow faded altars: false
     0 | D:1      | 0 ||| qw: Do Orc after clearing Dungeon:15 true
     0 | D:1      | 0 ||| qw: Do second Lair branch before Depths: true
     0 | D:1      | 0 ||| qw: Lair rune preference: random
     0 | D:1      | 0 ||| qw: Goals: Normal
     0 | D:1      | 0 ||| PLANNING D:1-11
    16 | D:1      | Reached skill level 6 in Ranged Weapons
    16 | D:1      | Reached XP level 2. HP: 16/16 MP: 4/4
    92 | D:1      | Found a faded altar of an unknown god.
   122 | D:1      | 122 ||| SWAPPING to +0 longbow.
   123 | D:1      | 123 ||| DROPPING +0 shortbow.
   264 | D:1      | Reached XP level 3. HP: 20/20 MP: 5/5
   461 | D:1      | 461 ||| UPGRADING to +2 ring mail of cold resistance.
   471 | D:1      | 471 ||| DROPPING +0 leather armour.
   472 | D:1      | 472 ||| READING scroll labelled HECUSI LILEIQ.
   472 | D:1      | 472 ||| BRANDING +0 longbow.
   473 | D:1      | 473 ||| READING 2 scrolls labelled UVULUGO CONWY.
   574 | D:1      | 574 ||| READING 2 scrolls labelled HIEWNEO YSIE.
   574 | D:1      | 574 ||| IDENTIFYING metallic dark potion
   575 | D:1      | 575 ||| READING scroll of identify.
   575 | D:1      | 575 ||| IDENTIFYING fizzy purple potion
   576 | D:1      | 576 ||| READING scroll labelled HICVOAGORO.
   580 | D:1      | 580 ||| DROPPING scroll of butterflies.
   581 | D:1      | 581 ||| DROPPING scroll of vulnerability.
   582 | D:1      | 582 ||| DROPPING potion of lignification.
   616 | D:2      | Found a hazy altar of Hepliaklqana.
   672 | D:2      | Reached skill level 7 in Ranged Weapons
  1088 | D:2      | 1088 ||| UPGRADING to +6 ring of strength.
  1089 | D:2      | 1089 ||| READING 2 scrolls of identify.
  1089 | D:2      | 1089 ||| IDENTIFYING golden potion
  1090 | D:2      | 1090 ||| READING scroll of identify.
  1090 | D:2      | 1090 ||| IDENTIFYING white potion
  1091 | D:2      | 1091 ||| READING scroll labelled RYEBIUH KERIZO.
  1091 | D:2      | 1091 ||| ENCHANTING +2 ring mail of cold resistance.
  1092 | D:2      | 1092 ||| DROPPING potion of degeneration.
  1200 | D:3      | Reached XP level 4. HP: 23/25 MP: 6/6
  1390 | D:3      | Found Ofeag's Weapon Shop.
  1549 | D:3      | Reached skill level 8 in Ranged Weapons
  1715 | D:3      | 1715 ||| READING scroll of identify.
  1715 | D:3      | 1715 ||| IDENTIFYING amethyst potion
  1716 | D:3      | 1716 ||| READING scroll labelled NAGEIBAEVIM.
  1716 | D:3      | Identified a scroll of acquirement
  1716 | D:3      | 1716 ||| ACQUIRING +1 helmet of Honour {Will+ Dex+5 Slay+5}
  1716 | D:3      | Acquired the +1 helmet of Honour {Will+ Dex+5 Slay+5}
  1718 | D:3      | 1718 ||| UPGRADING to +1 helmet of Honour {Will+ Dex+5
                  | Slay+5}.
  1723 | D:3      | 1723 ||| DROPPING potion of magic.
  1780 | D:4      | Noticed Natasha
  1781 | D:4      | Reached skill level 3 in Dodging
  1781 | D:4      | Reached XP level 5. HP: 27/29 MP: 7/7
  1785 | D:4      | Killed Natasha
  1812 | D:4      | Found a staircase to the Ecumenical Temple.
  1813 | D:4      | 1813 ||| PLANNING TEMPLE
  1813 | D:4      | 1813 ||| READING scroll of identify.
  1813 | D:4      | 1813 ||| IDENTIFYING smoky puce potion
  1814 | D:4      | 1814 ||| READING scroll labelled OVVARO VAASA.
  1825 | Temple   | Entered the Ecumenical Temple
  1826 | Temple   | 1826 ||| PLANNING D:1-11
  1838 | D:4      | Reached skill level 9 in Ranged Weapons
  1879 | D:4      | Reached XP level 6. HP: 33/35 MP: 8/8
  1945 | D:4      | Identified the +5 dagger of the Telling Augurer {pain,
                  | rElec Str+2 SInv}
  2086 | D:4      | Found a runed translucent gate.
  2086 | D:4      | Found a runed translucent gate.
  2086 | D:4      | Found a runed translucent gate.
  2087 | D:4      | Noticed qw's ghost (amateur DEHu)
  2088 | D:4      | Noticed qw's ghost (amateur SpHu)
  2088 | D:4      | Noticed qw's ghost (amateur DEHu)
  2110 | D:4      | Reached skill level 10 in Ranged Weapons
  2123 | D:4      | HP: 5/35 [gnoll/+1 spear of venom[a gnoll bouda] (6)]
  2124 | D:4      | Succumbed to a gnoll's poison

Levels and vault maps discovered:
D:1:      minmay_arrival_stair_chambers, layout_rooms,
          hellmonk_ecumenical_altar_lost_god
D:2:      layout_basic, basic_altar
D:3:      layout_basic, serial_undead, serial_undead_d, serial_undead_b,
          serial_undead_a, serial_undead_d, serial_undead_e, serial_undead_c,
          serial_undead_f, serial_shops, shop
D:4:      layout_basic, minmay_temple_entry_mist, gammafunk_ghost_cemetery,
          serial_rivers, chequers_serial_rivers_room_a,
          chequers_serial_rivers_micro_b, chequers_serial_rivers_micro_d,
          chequers_serial_rivers_room_b, chequers_serial_rivers_micro_d,
          dilly_guarded_unrand_morg
Temple:   jpeg_temple_clearing

Skill      XL: |  1  2  3  4  5  6 |
---------------+-------------------+-----
Ranged Weapons | 6 7 8 9 10 | 10.1
Dodging        | 3 |  3.2
Fighting       | 2 |  2.0
Stealth        | |  1.2

Action                     |  1- 3 |  4- 6 || total
---------------------------+-------+-------++-------
   Fire: Shortbow          |    17 |       ||    17
         Longbow           |    60 |    86 ||   146
    Use: Scroll            |     8 |     4 ||    12
 Armour: Leather armour    |     7 |       ||     7
         Ring mail         |     8 |    28 ||    36
  Dodge: Dodged            |    22 |    41 ||    63

Table legend:
 A = Non-vault XP
 B = Vault XP
 C = Vault XP percentage of total XP
 D = Non-vault monster count
 E = Vault monster count
 F = Vault count percentage of total count
                 A         B        C        D         E       F
            +---------+---------+-------+---------+---------+-------
      Total |     363 |     265 |  42.2 |      57 |      13 |  18.6
            +---------+---------+-------+---------+---------+-------
        D:1 |      44 |       0 |   0.0 |      18 |       0 |   0.0
        D:2 |      44 |       0 |   0.0 |      14 |       0 |   0.0
        D:3 |      38 |      27 |  41.5 |       6 |       6 |  50.0
        D:4 |     237 |     238 |  50.1 |      19 |       7 |  26.9
            +---------+---------+-------+---------+---------+-------
